 Dungeon Crawl Stone Soup version 0.28.0-43-g3370ac3207 (webtiles) character file.

Game seed: 12322930874121663170

173 pkoi the Gusty (level 5, -3/31 HPs)
             Began as an Octopode Air Elementalist on Mar 7, 2022.
             Slain by a phantom (8 damage)
             ... on level 4 of the Dungeon.
             The game lasted 00:06:04 (5780 turns).

pkoi the Gusty (Octopode Air Elementalist)          Turns: 5780, Time: 00:06:04

Health: -3/31      AC:  1    Str:  7    XL:     5   Next: 53%
Magic:  8/9        EV: 13    Int: 19    God:
Gold:   111        SH:  0    Dex: 13    Spells: 2/10 levels left

rFire   . . .      SeeInvis .   g - +0 short sword (venom)
rCold   . . .      Faith    .   (no shield)
rNeg    . . .      Spirit   .   (helmet restricted)
rPois   .          Reflect  .   (no amulet)
rElec   .          Harm     .   (no ring)
rCorr   .          Rampage  .   (no ring)
Will    .....                   (no ring)
Stlth   +++.......              (no ring)
HPRegen 0.10/turn               (no ring)
MPRegen 0.11/turn               (no ring)
                                (no ring)
                                (no ring)

@: no status effects
A: almost no armour, amphibious, 8 rings, camouflage 1, gelatinous body 1,
(nimble swimmer 1), tentacles
a: no special abilities


You were on level 4 of the Dungeon.
You visited 1 branch of the dungeon, and saw 5 of its levels.

You collected 111 gold pieces.

Inventory:

Hand Weapons
 a - a +0 whip
 g - a +0 short sword of venom (weapon)
Armour
 j - an orb of mayhem
Jewellery
 m - an amulet of regeneration
Scrolls
 c - a scroll of teleportation
 h - a scroll of magic mapping
 l - a scroll of amnesia
 n - a scroll of identify
Potions
 b - 3 potions of curing {unknown}
 d - a potion of berserk rage
 e - a potion of attraction {unknown}
 f - a potion of mutation {unknown}
 i - a potion of lignification {unknown}
 k - a potion of degeneration {unknown}


   Skills:
 + Level 2.2 Dodging
 + Level 3.1 Stealth
 + Level 3.1 Spellcasting
 - Level 1.0 Conjurations
 * Level 5.1 Air Magic


You had 2 spell levels left.
You knew the following spells:

 Your Spells              Type           Power      Damage    Failure   Level
a - Shock                 Conj/Air       56%        1d6       4%          1
b - Swiftness             Air            22%        N/A       5%          3
c - Airstrike             Air            11%        N/A       19%         4

Your spell library contained the following spells:

 Spells                   Type           Power      Damage    Failure   Level
 Static Discharge         Conj/Air       14%        N/A       6%          2
 Corpse Rot               Necr/Air       24%        N/A       8%          2
 Beastly Appendage        Tmut           4%         N/A       16%         1
 Ensorcelled Hibernation  Hex/Ice        4%         N/A       22%         2
 Passwall                 Tmut/Erth      1%         N/A       22%         2
 Wereblood                Tmut           2%         N/A       22%         2
 Spider Form              Tmut/Pois      2%         N/A       41%         3
 Dispel Undead            Necr           2%         3d7       83%         4
 Death Channel            Necr           1%         N/A       100%        6


Dungeon Overview and Level Annotations

Branches:
Dungeon (5/15)             Temple (0/1) D:4

Altars:
Okawaru
Vehumet
Wu Jian
Yredelemnul

Shops:
D:2 =?[

Portals:
Abyss: D:3

Annotations:
D:3 2 transporters, walled scroll, Jenx's ghost, weakling TrFi


Innate Abilities, Weirdness & Mutations

You cannot wear most types of armour.
You are amphibious.
You can wear up to eight rings at the same time.
Your skin changes colour to match your surroundings (Stealth+).
Your rubbery body absorbs attacks. (AC +1, EV +1)
((You are camouflaged when in or above water. (Stealth+)))
You have tentacles for arms and can constrict up to eight enemies at once.


Message History

The adder is moderately wounded.
The adder bites you.
* * * LOW HITPOINT WARNING * * *
The phantom barely misses you.
You miss the adder. Your grab misses the adder. You squeeze the adder!
You kill the adder!
The phantom hits you.
* * * LOW HITPOINT WARNING * * *
The phantom blinks!
You blink.
You hit the phantom but do no damage.
The phantom is lightly damaged.
The phantom closely misses you.
You closely miss the phantom. You squeeze the phantom.
The phantom is moderately damaged.
The phantom hits you.
* * * LOW HITPOINT WARNING * * *
The phantom blinks!
You blink.
Found a short sword.
You see here 12 gold pieces.
You now have 111 gold pieces (gained 12).
The phantom misses you.
There is a stone staircase leading up here.
The phantom closely misses you.
You climb upwards.
There is a stone staircase leading down here.
Aiming: Shock (safe; 4% risk of failure)
Press: ? - help, Q - select action, (/) - cycle Shift-Dir - straight line The zap hits the phantom.
The phantom is moderately damaged.
The zap hits the phantom.
The phantom is heavily damaged.
The phantom hits you!
* * * LOW HITPOINT WARNING * * *
The phantom blinks!
You blink.
Aiming: Shock (safe; 4% risk of failure)
Press: ? - help, Q - select action, (/) - cycle Shift-Dir - straight line, f - phantom
Aim: a phantom (heavily damaged, 60% to hit)
Okay, then.
The phantom hits you!
You die...

........##......# #.#
######'###......# #.# #.#
#......# #.# 8#
######...#### #.#
.####.#≈≈≈≈≈≈≈≈# #####.#
.#.##.####...#####.....#
.#.##.....#.###..#.##..#
#.##............W.....#
##....(#........@>.#..##
.......#........##§#..#
....#..###########.#.####
....#...# #.#....#
##.##...# ######.#
.#.###..## #....#.##
.#.###...# ####.#..#
.#..##...# #.##.#
....##...## #.##.#


You could see a phantom.

Vanquished Creatures
  A jelly (D:4)
  An iguana (D:4)
  2 hound skeletons (D:4)
  3 adders
  An adder skeleton (D:4)
  A worm (D:3)
  2 dart slugs (D:1)
  2 orcs
  8 ball pythons
  4 endoplasms
  2 goblins
  9 hobgoblins
  4 jackals
  2 quokkas
  5 bats
  A frilled lizard (D:1)
  5 kobolds
  3 rats
  A spectral orc (D:4)
57 creatures vanquished.

Notes
Turn   | Place    | Note
-------+----------+-------------------------------------------
     0 | D:1      | pkoi the Octopode Air Elementalist began the quest for the
                  | Orb.
     0 | D:1      | Reached XP level 1. HP: 11/11 MP: 3/3
   465 | D:1      | Reached XP level 2. HP: 17/17 MP: 3/5
  1589 | D:2      | Reached XP level 3. HP: 16/21 MP: 6/6
  1795 | D:2      | Learned a level 3 spell: Swiftness
  1820 | D:2      | Reached skill level 4 in Air Magic
  2394 | D:2      | Found Givigh's Jewellery Shoppe.
  2456 | D:2      | Found Uliyprif's Magic Scroll Emporium.
  2791 | D:2      | Found Agirchuck's Armour Shoppe.
  3156 | D:2      | Found a faded altar of an unknown god.
  3468 | D:3      | Noticed a small abomination
  3470 | D:3      | Found a transporter.
  3499 | D:3      | Found a one-way gate to the infinite horrors of the Abyss.
  3499 | D:3      | Noticed Jenx's ghost (weakling TrFi)
  3503 | D:3      | Reached XP level 4. HP: 27/27 MP: 3/8
  3625 | D:3      | Found a transporter.
  3625 | D:3      | Noticed a small abomination
  4326 | D:4      | Learned a level 4 spell: Airstrike
  4505 | D:4      | Found an ornate altar of the Wu Jian Council.
  4551 | D:4      | Found a radiant altar of Vehumet.
  4809 | D:4      | Reached XP level 5. HP: 31/31 MP: 6/9
  5063 | D:4      | Reached skill level 5 in Air Magic
  5354 | D:4      | Found a staircase to the Ecumenical Temple.
  5364 | D:4      | Found an iron altar of Okawaru.
  5413 | D:4      | Found a basalt altar of Yredelemnul.
  5761 | D:5      | Entered Level 5 of the Dungeon
  5761 | D:5      | Noticed a phantom
  5780 | D:4      | Slain by a phantom

Illustrated notes

Levels and vault maps discovered:
D:1:      lemuel_arrival_lava_pool, layout_basic
D:2:      layout_basic, ebering_ecumenical_altar_hall, serial_shops, shop, shop,
          nicolae_shop_statue_plus
D:3:      layout_loops_ring, gammafunk_ghost_abyssal_escape, item_on_display_b
D:4:      layout_basic, nicolae_vehumet_altar_sigil,
          yredelemnul_forgotten_temple_becter,
          mainiacjoe_overflow_small_starburst, lemuel_tele_altar,
          minmay_temple_entry_from_below_b, serial_curves, eino_curves_01,
          eino_curves_04, chequers_serial_rivers_micro_a, minmay_checkerbox
D:5:      layout_loops_cross

Skill      XL: |  1  2  3  4  5 |
---------------+----------------+-----
Air Magic      | 4 5 |  5.1
Spellcasting   | 3 |  3.1
Stealth        | 3 |  3.1
Dodging        | |  2.2
Conjurations   | |  1.0

Action                   |  1- 3 |  4- 6 || total
-------------------------+-------+-------++-------
Melee: Whip              |    25 |       ||    25
       Constrict         |    10 |     3 ||    13
       Tentacles         |     9 |     4 ||    13
       Punch             |     1 |     1 ||     2
       Short sword       |       |    13 ||    13
 Cast: Shock             |    70 |    59 ||   129
  Use: Scroll            |     5 |     1 ||     6
 Stab: Sleeping          |     1 |     2 ||     3
Armor: Skin              |     4 |     4 ||     8
Dodge: Dodged            |    18 |    28 ||    46
